Map: Ever Dream LE

Players

HighMaster - Winner!

  • Race: Protoss Protoss
  • League: Silver
  • Spawn Location: 7:00

antagomiR

  • Race: Protoss Protoss
  • League: Gold
  • Spawn Location: 1:00

VOD

Have the link to the VOD?

Description

Time

  • Played on: April 10, 2020, 8:21 p.m.
  • Length: 12:19
Show
View Real Time Build Order
Export as new Build Order

HighMaster Protoss - Winner!

Build Orders: Chargelot Immortal 

Get SALT Encoding   

  12  0:02  Probe  
  13  0:16  Probe  
  14  0:22  Pylon  
  14  0:28  Probe  
  15  0:42  Probe, Gateway  
  16  0:48  Assimilator  
  16  0:54  Probe  
  17  1:06  Probe  
  17  1:18  Probe  
  18  1:31  Zealot (Chrono Boost)  
  18  1:32  Cybernetics Core  
  20  1:40  Probe (Chrono Boost), Pylon  
  21  1:50  Probe (Chrono Boost)  
  22  1:59  Probe  
  23  2:04  Assimilator  
  23  2:08  Warp Gate (Chrono Boost)  
  23  2:14  Probe  
  24  2:19  Stalker (Chrono Boost)  
  26  2:42  Gateway  
  26  2:44  Gateway  
  26  3:06  Stalker  
  26  3:26  Nexus  
  26  3:28  Robotics Facility  
  26  3:35  Twilight Council  
  26  3:37  Probe  
  27  3:56  Pylon  
  27  3:58  Probe, Pylon  
  28  4:03  Stalker  
  28  4:09  Blink (Chrono Boost)  
  30  4:19  Stalker x2  
  34  4:26  Probe  
  34  4:27  Warp Prism (Chrono Boost)  
  37  4:39  Probe  
  37  4:42  Probe  
  39  4:56  Gateway  
  39  5:17  Immortal  
  43  5:24  Probe x2  
  45  5:29  Pylon  
  45  5:40  Gateway  
  45  5:44  Forge  
  45  5:46  Forge  
  45  5:52  Zealot x3  
  45  5:55  Sentry  
  45  5:56  Charge (Chrono Boost)  
  49  6:06  Warp Prism  
  49  6:10  Probe x2  
  53  6:14  Protoss Ground Weapons Level 1 (Chrono Boost)  
  53  6:15  Protoss Ground Armor Level 1 (Chrono Boost)  
  53  6:27  Probe x2  
  53  6:57  Zealot x3  
  53  6:58  Zealot x2  
  53  6:59  Probe x2  
  65  7:13  Probe  
  65  7:14  Probe  
  67  7:20  Nexus  
  67  7:42  Pylon  
  67  7:44  Pylon  
  67  7:46  Pylon  
  67  7:49  Probe x2  
  69  7:54  Pylon  
  69  7:56  Pylon  
  69  8:00  Pylon  
  69  8:01  Immortal  
  69  8:02  Pylon  
  74  8:05  Probe x2  
  75  8:16  Zealot  
  75  8:17  Zealot x4  
  83  8:37  Stalker x3  
  83  8:38  Stalker  
  83  8:40  Immortal  
  91  8:51  Pylon  
  91  8:58  Zealot  
  93  9:12  Shield Battery x2  
  93  9:16  Photon Cannon  
  93  9:17  Photon Cannon  
  93  9:19  Immortal  
  97  9:40  Gateway  
  97  9:43  Gateway, Zealot  
  97  9:44  Zealot x3  
  97  9:45  Gateway  
  105  9:47  Gateway  
  105  9:49  Gateway  
  97  10:24  Warp Prism  
  97  10:31  Nexus  
  97  11:07  Robotics Facility  
  97  11:08  Robotics Facility  
  97  11:37  Zealot x2  
  97  11:38  Zealot x4  
  105  12:04  Zealot  
  105  12:05  Zealot x3  
  105  12:06  Zealot x3  
Show
View Real Time Build Order
Export as new Build Order

antagomiR Protoss 

Build Orders:  

Get SALT Encoding   

  12  0:08  Probe  
  13  0:20  Probe, Pylon  
  14  0:32  Probe  
  15  0:39  Gateway  
  15  0:44  Probe  
  16  0:56  Probe  
  17  1:03  Assimilator  
  17  1:08  Probe  
  18  1:11  Assimilator  
  18  1:20  Probe  
  19  1:31  Cybernetics Core  
  19  1:52  Pylon  
  19  1:55  Warp Gate (Chrono Boost)  
  19  2:06  Probe  
  20  2:17  Robotics Facility  
  20  2:18  Probe  
  21  2:30  Probe, Stalker (Chrono Boost)  
  22  3:12  Stalker (Chrono Boost)  
  22  3:16  Nexus  
  22  3:17  Observer  
  25  3:21  Pylon  
  25  3:30  Probe  
  26  3:38  Gateway  
  26  3:42  Shield Battery  
  26  3:43  Probe  
  27  3:50  Sentry  
  29  3:56  Probe  
  30  4:05  Observer  
  30  4:08  Probe  
  32  4:14  Stalker  
  34  4:21  Probe  
  35  4:27  Gateway  
  35  4:33  Probe  
  35  4:38  Zealot  
  38  4:39  Stalker  
  38  4:45  Probe  
  41  4:49  Shield Battery  
  41  5:01  Stalker  
  43  5:08  Immortal (Chrono Boost)  
  43  5:14  Stalker  
  49  5:30  Probe  
  49  5:31  Probe  
  51  5:37  Pylon  
  51  5:39  Sentry  
  51  5:41  Pylon  
  53  5:42  Probe  
  52  6:04  Stalker  
  52  6:05  Stalker x2  
  58  6:12  Twilight Council  
  58  6:14  Forge  
  58  6:17  Pylon  
  58  6:40  Probe x2  
  58  6:46  Assimilator  
  60  6:48  Assimilator, Blink (Chrono Boost)  
  60  6:52  Probe x2  
  60  6:53  Protoss Ground Weapons Level 1  
  62  6:58  Immortal  
  66  7:04  Probe x2  
  66  7:05  Pylon  
  68  7:27  Stalker  
  68  7:28  Stalker  
  72  7:46  Stalker  
  74  7:52  Nexus  
  74  7:55  Pylon  
  74  7:58  Pylon  
  74  8:05  Pylon  
  68  8:47  Stalker x3  
  66  9:16  Shield Battery  
  66  9:22  Templar Archives  
  66  9:42  Gateway  
  66  9:43  Gateway  
  66  9:45  Gateway  
  65  9:51  Gateway x2  
  63  9:59  Gateway  
  58  10:02  Gateway, Stalker  
  58  10:07  Gateway  
  58  10:14  Assimilator  
  58  10:25  Immortal  
  62  10:35  Photon Cannon  
  62  10:40  Pylon  
  62  10:41  Assimilator  
  62  10:42  High Templar x2  
  66  10:43  High Templar  
  67  10:50  Archon  
  67  10:59  Stalker x2  
  75  11:04  Immortal  
  75  11:11  Probe x2  
  77  11:17  High Templar  
  79  11:19  High Templar  
  79  11:23  Probe x2  
  79  11:25  Archon  
  83  11:35  Probe x2  
  83  11:37  Probe  
  86  11:47  Probe x2, Stalker  
Tags
 
Matchup
PvP
Replay Pack
20200422
Spawn Locations
Cross Positions
Add a new tag
Caveats
  • Supply blocks, unpowered buildings, or Contaminate may cause inaccurate times.
  • Supply counts are checked every 10 seconds.